Arrhythmia, neutral female human Tourist ---------- |.........# |........|# |........|# --------- -------------- |........|# |mf?[%..| -----------########.........)....# |........|# |@?)%=[.| |{........|# |....^..[....|# ---.------# |..+[**.k####|.........|# #+............|# # # |+!!%.@.| #-.........-########|......<.....|# ### # |.[.%...| -----------# --------.-----### # # --------- ###### # # # # ######################## # # -+-----.---# # ##........^.|####### # |..........# #-|--- |.........|### #....| |.........| # |>..| ----------- ###.[..| ---+- # Arrhythmia the Excursionist Experience level: 6 Strength: 25 Dexterity: 14 Constitution: 14 Intelligence: 12 Wisdom: 11 Charisma: 17 Health: 0(45) Energy: 31(31) AC: 6 Gold: 0 Moves: 2251 Your Inventory: Weapons a - 28 uncursed +2 darts (in quiver) c - an [uncursed +0] runed dagger [elven] C - an [uncursed +0] bullwhip M - an [uncursed +0] crude dagger [orcish] Armor k - an uncursed +0 Hawaiian shirt (being worn) O - an [uncursed] +0 iron skull cap [orcish helm] (being worn) T - a [blessed] +2 pair of elven boots of power (being worn) Comestibles b - 4 uncursed food rations g - an uncursed tin of kobold meat K - an [uncursed] lichen corpse X - 4 uncursed [stale] eggs Scrolls Y - an [uncursed] scroll labeled KERNOD WEL [of enchant weapon] Wands z - an [uncursed] wand of digging [0:7] Tools f - an [uncursed] bag [sack] l - an uncursed expensive camera (0:40) m - an uncursed credit card n - an uncursed magic marker (0:71) w - an [uncursed] leash (in use) Z - an [uncursed] key [skeleton key] Gems Q - an [uncursed] blue gem [worthless glass] Contents of the sack: an uncursed scroll labeled HZLRC KSTSBD MPFNG [of confuse monster] an [uncursed] scroll labeled PRIRUTSENIE [of earth] a [cursed] scroll labeled VE FORBRYDERNE [of gold detection] 3 uncursed scrolls of magic mapping an uncursed clear potion [of water] an [uncursed] luminescent potion [of blindness] an [uncursed] muddy potion [of monster detection] an [uncursed] ochre potion [of gain level] an [uncursed] orange potion [of see invisible] a blessed potion of extra healing an uncursed potion of extra healing an [uncursed] white potion [of restore ability] an [uncursed] yellow potion [of healing] an [uncursed] wand called No holding [of cancellation (0:7)] Spells known in the end: Name Level Category Fail Memory Your skills at the end: Fighting Skills Weapon Skills dart [Basic / Expert] Spellcasting Skills Final Attributes: You were devoutly aligned. Hunger level was 362. Your alignment was 19 / 21. Monster difficulty range was 0 - 5. Level difficulty was 5. You were telepathic. You were stealthy. You were held by a giant mimic. Your luck was zero. You are dead. Vanquished creatures: 2 small mimics a pony 2 giant ants 4 floating eyes 3 hill orcs 4 rothes a centipede a dwarf zombie 2 acid blobs a large kobold a hobgoblin 2 cave spiders a gnome zombie 3 jackals a fox a kobold 2 goblins 7 grid bugs 3 lichens 2 kobold zombies 3 newts 47 creatures vanquished. Voluntary challenges: You never hit with a wielded weapon. You read items or engraved 161 times. You put on armor 6 times. You never genocided any monsters. You never polymorphed an object. You never changed form. You used no wishes. You wrote Elbereth's name 39 times. You never encountered a bones level. You never used any Sokoban shortcuts. Dungeon overview: The Dungeons of Doom: levels 1 to 5 Level 1 a long staircase Level 2 a general store, an altar Level 4 a delicatessen, a fountain, a sink Level 5 <- You were here a general store, a fountain History has recorded: On T:1 you entered the Dungeons of Doom to retrieve the Amulet of Yendor! On T:429 you reached level 2 of The Dungeons of Doom. On T:675 you advanced to experience level 2. On T:851 you reached level 3 of The Dungeons of Doom. On T:964 you advanced to experience level 3. On T:1024 you reached level 4 of The Dungeons of Doom. On T:1211 you advanced to experience level 4. On T:1640 you advanced to experience level 5. On T:1695 you reached level 5 of The Dungeons of Doom. On T:2197 you advanced to experience level 6. Latest messages: Wait! That's a small mimic! [HP+1=41] You hit the small mimic! You miss the small mimic. Katia drops a yellow gem. The small mimic hits! [HP-3=38] You hit the small mimic! (2x) You kill the small mimic! [HP+1=39] Wait! That's a giant mimic! You hit the giant mimic! (2x) You cannot escape from the giant mimic! Katia picks up a yellow gem. Katia moves only reluctantly. The giant mimic hits! (2x) [HP-19=20] You cannot escape from the giant mimic! (2x) [HP+1=21] You cannot escape from the giant mimic! Katia moves only reluctantly. You cannot escape from the giant mimic! The giant mimic hits! (2x) You die... Annootok comes and takes all your possessions. Final status: Aloha Arrhythmia the Tourist... You died in The Dungeons of Doom on dungeon level 5 with 1444 points, and 0 pieces of gold, after 2251 moves. You were level 6 with a maximum of 45 hit points when you died.